 Dungeon Crawl Stone Soup version 0.15-a0-271-g6095dc6 (webtiles) character file.

721 PolkaDot the Caller (level 7, 0/46 HPs)
             Began as a Vampire Summoner on Apr 28, 2014.
             Was an Initiate of Sif Muna.
             Slain by a killer bee (2 damage)
             ... on Level 5 of the Dungeon.
             The game lasted 00:24:46 (4404 turns).

PolkaDot the Caller (Vampire Summoner)              Turns: 4404, Time: 00:24:47

HP   0/46        AC  9     Str  8 (10) XL: 7   Next: 12%
MP   2/15        EV 12     Int 17      God: Sif Muna [......]
Gold 145         SH  0     Dex 15      Spells:  4 memorised,  1 level left

rFire  . . .     SeeInvis +     p - +0,+1 spear
rCold  . . .     Clarity  +     a - +1 robe
rNeg   + . .     Conserve .     (no shield)
rPois  .         rCorr    .     (no helmet)
rElec  .         rRot     .     f - +0 cloak
SustAb + .       Spirit   .     d - +0 pair of gloves
rMut   .         Warding  .     (no boots)
Saprov . . .     Stasis   .     (no amulet)
MR     .....                    x - ring of sustain abilities
                                v - +3 ring of strength

@: lethally poisoned, very slightly contaminated, hasted, very quick, not
resistant to hostile enchantments, quite stealthy
A: bottle blood, fangs 3, hooves 1, rough black scales 1, see invisible,
clarity, unbreathing
a: Bat Form, Bottle Blood, Renounce Religion


You were on level 5 of the Dungeon.
You worshipped Sif Muna.
Sif Muna was noncommittal.
You were not thirsty.

You visited 2 branches of the dungeon, and saw 6 of its levels.

You collected 145 gold pieces.

Inventory:

Hand weapons
 p - a +0,+1 spear (weapon)
Armour
 a - a +1 robe (worn)
 d - a +0 pair of gloves (worn)
 f - a +0 cloak (worn)
Magical devices
 r - a wand of cold (11)
Scrolls
 c - 3 scrolls of immolation
 g - a scroll of enchant weapon III {unknown}
 h - a scroll of identify
 l - 2 scrolls of amnesia
 m - a scroll of remove curse
 o - a scroll of enchant armour
 q - a scroll of magic mapping
Jewellery
 v - a +3 ring of strength (left hand)
 x - a ring of sustain abilities (right hand)
Potions
 n - a potion of lignification
Books
 b - a book of Callings

   Spells                             Type                      Level
   *Summon Small Mammal               Summoning                    1
   Call Imp                           Summoning                    2
   *Call Canine Familiar              Summoning                    3
   Summon Guardian Golem              Hexes/Summoning              4
   *Summon Lightning Spire            Summoning/Air                4
   *Summon Ice Beast                  Ice/Summoning                4
Magical staves
 i - an uncursed staff of energy


   Skills:
 - Level 2.1 Dodging
 - Level 5.6 Stealth
 + Level 3.9 Spellcasting
 * Level 7.1 Summonings
 - Level 0.2 Ice Magic


You had one spell level left.
You knew the following spells:

 Your Spells              Type           Power        Failure   Level  Hunger
a - Summon Small Mammal   Summ           ####         1%          1    None
d - Call Canine Familiar  Summ           ####....     2%          3    ###....
f - Summon Ice Beast      Ice/Summ       ###.....     38%         4    ####...
s - Summon Lightning Spi  Summ/Air       ###.....     38%         4    ####...


Dungeon Overview and Level Annotations

Branches:
Dungeon (5/15)             Temple (1/1) D:5

Altars:
Ashenzari
Cheibriados
Dithmenos
Elyvilon
Kikubaaqudgha
Makhleb
Nemelex Xobeh
Sif Muna
Trog
Vehumet
Xom
The Shining One

Annotations:
D:4 Pikel


Innate Abilities, Weirdness & Mutations

You can bottle blood from corpses.
You have razor-sharp teeth.*
You have supernaturally acute eyesight.
You can survive without breathing.*
You have large cloven feet.*
You are partially covered in rough black scales (AC +4, Dex -1).*
You possess an exceptional clarity of mind.+


Message History

You closely miss the killer bee. Your kick misses the killer bee.
The killer bee is moderately wounded.
* * * LOW HITPOINT WARNING * * *
You feel sick. The killer bee closely misses you.
Your ice beast completely misses the killer bee.
You hit the killer bee.
The killer bee is heavily wounded.
* * * LOW HITPOINT WARNING * * *
You feel sick.
The killer bee stings you but does no damage.
You hit the killer bee.
The killer bee is heavily wounded.
The killer bee misses you.
Your ice beast closely misses the killer bee.
The killer bee barely misses you.
You barely miss the killer bee.
The killer bee is heavily wounded.
* * * LOW HITPOINT WARNING * * *
You feel sick. The killer bee stings you.
You die...

#......#.......###.....###.#
#.......#......##.......#
#...<...#...........<...#
#.....)(##......#.....y.#
##....(###..............#
#.........####.##.........
#.######### #.##.#....###
#.######### #....y..### ###
#.........#######.#.## ..#
#######...@yy.###.#.## #.#
#..###Y........# #.# #..#
#...##.#..# # #.#########
#..###...%.....######
..##.#....#
#....[...#####.#.....
..#._.###.#
#.###.#........#.####
(..#.#..#.#
#.......########.##
.####.#.#.# ####...##
##...### .####.#.#.# #...#
#..#..## ###.......#
#...#######.###...


You could see 2 killer bees and a friendly ice beast.

Vanquished Creatures
  A slave (D:5)
  An ogre (D:5)
  2 ice beasts (D:5)
  A killer bee (D:5)
  A giant frog zombie (D:5)
  A hound skeleton (D:5)
  4 adders
  A worm (D:5)
  A giant eyeball (D:5)
  An orc (D:5)
  2 ball pythons
  3 giant cockroaches
  17 goblins
  4 hobgoblins
  7 kobolds
  7 bats
  4 giant newts
  A giant newt zombie (D:5)
  6 rats
65 creatures vanquished.

Vanquished Creatures (collateral kills)
  Sigmund (D:2)
  2 killer bees (D:5)
  Crazy Yiuf (D:2)
  A jelly (D:5)
  A worker ant (D:5)
  4 gnolls (D:5)
  3 adders
  A worm (D:3)
  A giant gecko (D:1)
  An orc (D:5)
  6 hobgoblins
  2 quokkas
  2 bats (D:5)
  A giant newt (D:1)
  A goblin (D:3)
  A goblin skeleton (D:4)
  2 rats
31 creatures vanquished.

Vanquished Creatures (others)
  6 hounds (D:5)
  2 bats
8 creatures vanquished.

Grand Total: 104 creatures vanquished

Notes
Turn   | Place    | Note
--------------------------------------------------------------
     0 | D:1      | PolkaDot, the Vampire Summoner, began the quest for the Orb.
     0 | D:1      | Reached XP level 1. HP: 13/13 MP: 3/3
   308 | D:1      | Reached XP level 2. HP: 5/19 MP: 2/4
  1352 | D:2      | Found a radiant altar of Vehumet.
  1410 | D:2      | Found a shadowy altar of Dithmenos.
  1418 | D:2      | Reached XP level 3. HP: 6/24 MP: 0/6
  1700 | D:2      | Noticed Sigmund
  1706 | D:2      | Learned a level 3 spell: Call Canine Familiar
  1732 | D:2      | Killed Sigmund
  1732 | D:2      | Reached skill level 5 in Summonings
  1732 | D:2      | Reached XP level 4. HP: 22/30 MP: 4/8
  1912 | D:2      | Noticed Crazy Yiuf
  1920 | D:2      | Killed Crazy Yiuf
  2481 | D:3      | Reached XP level 5. HP: 35/35 MP: 5/9
  2580 | D:3      | Reached skill level 5 in Stealth
  2731 | D:2      | Found a glowing golden altar of the Shining One.
  2781 | D:4      | Gained mutation: You possess an exceptional clarity of mind. [potion of beneficial mutation]
  2825 | D:4      | Noticed Pikel
  2829 | D:4      | Noticed a slave
  2831 | D:4      | Noticed a slave
  2831 | D:4      | Noticed a slave
  2837 | D:5      | Entered Level 5 of the Dungeon
  2855 | D:5      | Killed a slave
  2861 | D:5      | Gained mutation: You are partially covered in rough black scales (AC +4, Dex -1). [potion of beneficial mutation]
  2958 | D:5      | Learned a level 4 spell: Summon Ice Beast
  3305 | D:5      | Noticed an ice beast
  3409 | D:5      | Killed an ice beast
  3592 | D:5      | Reached XP level 6. HP: 41/41 MP: 13/13
  3680 | D:5      | Paralysed by a giant eyeball for 3 turns
  3693 | D:5      | Found a staircase to the Ecumenical Temple.
  3705 | Temple   | Entered the Ecumenical Temple
  3726 | Temple   | Became a worshipper of Sif Muna the Loreminder
  3745 | D:5      | Reached skill level 6 in Summonings
  3767 | D:5      | Noticed an ogre
  3768 | D:5      | Gained mutation: You have large cloven feet. [potion of beneficial mutation]
  3776 | D:5      | Killed an ogre
  3884 | D:5      | Found a shimmering altar of Xom.
  4088 | D:5      | Found a bloodstained altar of Trog.
  4131 | D:5      | Noticed an ice beast
  4154 | D:5      | Killed an ice beast
  4239 | D:5      | Found a sparkling altar of Nemelex Xobeh.
  4348 | D:5      | Learned a level 4 spell: Summon Lightning Spire
  4361 | D:5      | Reached XP level 7. HP: 46/46 MP: 11/15
  4369 | D:5      | Reached skill level 7 in Summonings
  4404 | D:5      | HP: 2/46 [poison (a potion of poison)]
  4404 | D:5      | Slain by a killer bee

Action                   |  1- 3 |  4- 6 |  7- 9 || total
-------------------------+-------+-------+-------++-------
Melee: Club              |    35 |       |       ||    35
       Unarmed           |     9 |       |       ||     9
       Dagger            |    62 |       |       ||    62
       Staff             |    16 |       |       ||    16
       Spear             |       |   224 |    21 ||   245
Throw: Throwing net      |       |     1 |       ||     1
 Cast: Summon Small Mamm |    22 |     8 |       ||    30
       Call Canine Famil |     1 |    15 |     1 ||    17
       Summon Ice Beast  |       |     3 |     1 ||     4
Evoke: Wand              |       |     1 |       ||     1
  Use: Potion            |     2 |     5 |     6 ||    13
       Scroll            |       |    13 |       ||    13
 Stab: Sleeping          |     7 |    10 |       ||    17
       Distracted        |     2 |     1 |       ||     3
       Invisible         |       |     3 |       ||     3
       Held in net/web   |       |     3 |       ||     3
